Unix NetHack Version 5.0.0-0 post-release - last build Jun 10 2026 00:39:30 (3ee93aec679c4c4259841fe613dc97188e26a321,branch:main).

Game began 2026-06-29 04:02:08, ended 2026-06-29 04:54:36.

IceCreamJones, chaotic female human Wizard

                           ------                                 ---------
                        ###....f@#                               #-.......|
                      ###  |..<.|q                               #|.......|
                    ###    |....|#                               #|.......|
         ---------- #      |....|#            -------------      #|.......|
         |._..(....##      |....|#            |...........|      #-.-------
         |........|       #.....|#            |...........|      # ##
         |*..>....|       #------#           #............|      #  #
         -----|----       #      #           #-----.-------      #  #
              ####        #      #           ##    #######       #  #
                 ##       #     ##            #          #       #  #
                  #####  ##     #             ##    -----.-------#  ##
             ---------|- #     ##              #    |............#   ####
             |..........##     #               #    |...........|####  -|---
             |.........|       #---------------#    |...........|   #  |...|
             |.........|       #|..........{(.-#####-........(..|   #  |...|
             |.........|       #|.............|     -------------   #  |.`.|
             -----------       #..............|                     ###....|
                                ---------------                        -----

IceCreamJones the Thaumaturge  St:12 Dx:14 Co:14 In:18 Wi:10 Ch:11  Chaotic
Dlvl:3  $:0  HP:0(55) Pw:57(62) AC:2  Xp:6 T:5270  Hungry  

Latest messages:
 The rothe bites!
 The rothe bites again!
 You miss the rothe.
 The housecat bites the rothe.
 The rothe misses the housecat.
 The rothe misses the housecat.
 The rothe misses the housecat.
 The rothe misses!
 The rothe bites!
 The rothe bites again!
 You hit the rothe.
 The housecat bites the rothe.
 The rothe is killed!
 Your housecat eats a rothe corpse.
 You swap places with your housecat.
 The rothe hits!
 The rothe bites!
 The rothe misses!
 You hit the rothe.
 The rothe hits!
 The rothe bites!
 The rothe bites again!
 You hit the rothe.
 The rothe misses!
 The rothe misses!
 The rothe misses!
 You miss the rothe.
 The rothe hits!
 The rothe bites!
 The rothe bites again!
 You hit the rothe.
 The rothe hits!
 The rothe bites!
 The rothe misses!
 You hit the rothe.
 The rothe misses!
 The rothe misses!
 The rothe bites!
 In what direction?
 The spell misses the rothe.
 The rothe hits!
 The rothe bites!
 The rothe bites again!
 You die...
 Do you want your possessions identified? [ynq] (y)
 Do you want to see your attributes? [ynq] (y)
 Do you want an account of creatures vanquished? [ynaq] (y)
 Do you want a list of species genocided? [ynq] (y)
 Do you want to see your conduct and achievements? [ynq] (y)
 Do you want to see the dungeon overview? [ynq] (y)

Inventory:
 Amulets  ('"')
  h - an uncursed amulet of ESP (being worn)
 Weapons  (')')
  C - 9 +0 darts (at the ready)
  j - a +0 dagger
  G - a +0 elven dagger
  a - the +1 Sting (weapon in right hand)
 Armor    ('[')
  y - an uncursed +0 dwarvish iron helm (being worn)
  l - an uncursed +0 pair of iron shoes (being worn)
  Z - an uncursed +0 cloak of magic resistance (being worn)
  L - an uncursed +0 studded leather armor (being worn)
 Comestibles  ('%')
  t - an uncursed apple
  B - 2 uncursed food rations
  M - an uncursed tripe ration
  e - an uncursed tin of pureed hill orc meat
 Potions  ('!')
  g - an uncursed potion of gain level
  I - an uncursed potion of healing
  k - a potion of holy water
 Rings    ('=')
  J - an uncursed ring of cold resistance
  d - an uncursed +1 ring of increase damage
  v - an uncursed ring of sustain ability
 Wands    ('/')
  T - a wand of digging (0:4)
  c - a wand of enlightenment (0:11)
  f - a wand of sleep (0:6)
 Tools    ('(')
  b - an uncursed sack containing 2 items
  K - a cursed oil lamp

Contents of the sack:
  20 gold pieces
  a blessed +1 quarterstaff

IceCreamJones the Wizard's attributes:

Background:
 You were a Thaumaturge, a level 6 female human Wizard.
 You were chaotic, on a mission for Anhur
 who was opposed by Ptah (lawful) and Thoth (neutral).
 You were right-handed.
 You were in the Dungeons of Doom, on level 3.
 You entered the dungeon 5270 turns ago.
 It was nighttime.
 There was a full moon in effect when your adventure ended.
 You had 466 experience points, 174 more were needed to attain level 7.

Basics:
 You had 0 out of 55 hit points.
 You had 57 out of 62 energy points (spell power).
 Your armor class was 2.
 Your wallet was empty, but
 you had 20 zorkmids stashed away in your pack.
 Autopickup was off.

Final Characteristics:
 Your strength was 12 (limit:18/100).
 Your dexterity was 14 (limit:18).
 Your constitution was 14 (limit:18).
 Your intelligence was 18 (limit:18).
 Your wisdom was 10 (limit:18).
 Your charisma was 11 (limit:18).

Final Status:
 You were hungry.
 You were unencumbered.
 You were wielding a dagger.
 You had basic skill with dagger and could have enhanced that.

Final Attributes:
 You were piously aligned.
 You were magic-protected.
 You were telepathic.
 You were aware of the presence of orcs.
 You were warded.
 You were lucky.
 You are dead.

Miscellaneous:
 You didn't encounter any bones levels.
 Total elapsed playing time was 52 minutes and 21 seconds.

Major events:
 Turn
    1: IceCreamJones the chaotic female human Wizard entered the dungeon
  605: entered the Gnomish Mines
 1289: chose a runed dagger to be named "Sting"
 1353: attained the rank of Conjurer (level 3)
 2357: performed her first genocide (master mind flayers)
 3958: attained the rank of Thaumaturge (level 6)
 5270: killed by a rothe

Spells:
 Name                 Level Category     Fail Retention
 force bolt             1   attack         4%   71%-80%
 haste self             3   escape        91%   51%-75%
 healing                1   healing        4%  76%-100%
 confuse monster        1   enchantment    4%   81%-90%
 turn undead            6   clerical     100%  76%-100%

Skills:
 Fighting Skills
   bare handed combat [Unskilled]
   riding             [Unskilled]
 Weapon Skills
   dagger             [Basic]
   knife              [Unskilled]
   axe                [Unskilled]
   short sword        [Unskilled]
   club               [Unskilled]
   mace               [Unskilled]
   quarterstaff       [Basic]
   polearms           [Unskilled]
   spear              [Unskilled]
   trident            [Unskilled]
   sling              [Unskilled]
   dart               [Unskilled]
   shuriken           [Unskilled]
 Spellcasting Skills
   attack spells      [Basic]
   healing spells     [Unskilled]
   divination spells  [Unskilled]
   enchantment spells [Basic]
   clerical spells    [Unskilled]
   escape spells      [Unskilled]
   matter spells      [Unskilled]

Voluntary challenges:
 Character rerolling was not enabled.
 You genocided 1 type of monster.
 You never polymorphed an object.
 You never changed form.
 You used no wishes.
Achievements:
 You entered the Gnomish Mines.
 You attained the rank of Conjurer.
 You entered a shop.
 You attained the rank of Thaumaturge.

 The Dungeons of Doom: levels 1 to 7
    Level 1:
    Level 2:
       A grave.
       Stairs down to The Gnomish Mines.
    Level 3: <- You were here.
       An altar to Anhur, a fountain.
       Final resting place for
          you, killed by a rothe.
    Level 4:
       A general store, a fountain.
    Level 5:
       Some fountains.
    Level 6:
       Many fountains.
       Oracle of Delphi.
    Level 7:
 The Gnomish Mines:
    Level 3:


Vanquished creatures:
  a ghost
  a brown pudding
  a snake
  2 water nymphs
  a mountain nymph
 an orc shaman
  a rock piercer
  a rock mole
  2 yellow lights
  a shrieker
  a gnome leader
  a floating eye
  3 dwarves
  2 homunculi
  4 rothes
  3 centipedes
  a giant bat
  a dwarf zombie
  a werejackal
  3 iguanas
 an acid blob
  a coyote
  a gas spore
  2 hobbits
  3 cave spiders
  2 red molds
  2 gnomes
  2 garter snakes
  4 geckos
  4 jackals
  2 foxes
  a kobold
  2 goblins
  a sewer rat
  7 grid bugs
  6 lichens
  3 kobold zombies
 12 newts
88 creatures vanquished.

Genocided species:
 master mind flayers
1 species genocided.

Game over:
                       ----------
                      /          \
                     /    REST    \
                    /      IN      \
                   /     PEACE      \
                  /                  \
                  |  IceCreamJones   |
                  |      20 Au       |
                  |   killed by a    |
                  |      rothe       |
                  |                  |
                  |                  |
                  |       2026       |
                 *|     *  *  *      | *
        _________)/\\_//(\/(/\)/\//\/|_)_______

Goodbye IceCreamJones the Wizard...

You died in The Dungeons of Doom on dungeon level 3 with 2252 points,
and 20 pieces of gold, after 5270 moves.
You were level 6 with a maximum of 55 hit points when you died.

